Map: [ESL] Oceanborn

Players

GuMiho - Winner!

  • Race: Terran Terran
  • Spawn Location: 5:00

Creator

  • Race: Protoss Protoss
  • Spawn Location: 11:00

Event: ESL Spring 2024 Finals

VOD

Have the link to the VOD?

Description

Time

  • Played on: May 31, 2024, 2:15 p.m.
  • Length: 15:49

All games in this series

Show
View Real Time Build Order
Export as new Build Order

GuMiho Terran - Winner!

Build Orders:  

Get SALT Encoding   

  12  0:00  SCV  
  13  0:12  SCV  
  14  0:16  Supply Depot  
  14  0:24  SCV  
  15  0:38  SCV  
  15  0:39  Barracks  
  15  0:42  Refinery  
  16  0:50  SCV  
  16  0:52  Refinery  
  17  1:02  SCV  
  18  1:14  SCV  
  19  1:26  Orbital Command, Reaper  
  20  1:41  Factory  
  20  1:42  Supply Depot  
  20  1:52  SCV  
  21  1:58  Barracks Reactor  
  21  2:04  SCV  
  22  2:15  Command Center  
  22  2:18  SCV  
  23  2:25  Widow Mine  
  25  2:30  Supply Depot, SCV  
  25  2:35  Marine x2  
  28  2:42  SCV  
  29  2:46  Widow Mine  
  31  2:51  Starport  
  31  2:54  SCV  
  32  2:58  Marine  
  32  3:00  Marine  
  34  3:07  SCV, Widow Mine  
  37  3:19  Marine  
  37  3:20  Marine  
  39  3:27  Orbital Command  
  39  3:29  Medivac  
  39  3:31  Widow Mine  
  39  3:33  SCV  
  44  3:38  Supply Depot  
  44  3:41  Marine x2  
  44  3:45  SCV  
  47  3:53  Refinery  
  47  3:54  Factory Tech Lab  
  47  3:55  SCV  
  48  3:59  Marine x2  
  48  4:01  Starport Tech Lab  
  50  4:03  SCV  
  50  4:07  SCV  
  52  4:16  Siege Tank  
  55  4:17  SCV  
  55  4:19  SCV  
  55  4:21  Supply Depot, Raven  
  59  4:28  Barracks  
  59  4:30  SCV  
  60  4:31  SCV  
  60  4:34  Marine  
  62  4:39  Marine  
  59  4:48  Siege Tank  
  59  4:52  Marine  
  63  4:55  SCV x2  
  63  4:56  Raven  
  63  4:57  Marine  
  54  5:08  SCV x2  
  54  5:10  Marine  
  54  5:11  Barracks  
  56  5:14  Marine  
  56  5:15  Engineering Bay  
  56  5:16  Barracks Tech Lab, Supply Depot  
  56  5:20  SCV  
  58  5:23  Supply Depot  
  58  5:27  Supply Depot, Siege Tank  
  58  5:28  Marine  
  62  5:32  Marine  
  60  5:37  Stimpack  
  60  5:40  SCV x2  
  59  5:45  Terran Infantry Weapons Level 1  
  59  5:46  Marine x2  
  60  5:50  Marine  
  60  5:52  SCV x2  
  60  5:56  Supply Depot  
  63  5:58  Starport Reactor  
  63  6:01  Siege Tank  
  66  6:04  SCV x2  
  66  6:06  Combat Shield  
  66  6:08  Marine  
  66  6:09  Marine x3  
  72  6:16  SCV  
  64  6:27  SCV, Marauder  
  64  6:28  SCV, Marauder  
  70  6:34  Siege Tank  
  73  6:40  Medivac  
  75  6:50  Command Center  
  75  6:52  Medivac  
  77  6:55  Marauder  
  77  6:58  Marine x2  
  77  7:00  SCV x2  
  83  7:05  Supply Depot  
  83  7:06  Supply Depot  
  83  7:11  Siege Tank  
  83  7:14  Barracks  
  83  7:15  SCV x2, Refinery, Barracks  
  88  7:19  Marine, Marauder x2  
  88  7:20  Marine  
  94  7:27  SCV x2  
  94  7:28  Supply Depot  
  96  7:30  Supply Depot  
  96  7:39  SCV  
  96  7:40  Marauder x2  
  96  7:42  Terran Infantry Armor Level 1  
  101  7:46  Missile Turret  
  101  7:48  Supply Depot  
  101  7:49  Supply Depot  
  101  7:50  Siege Tank  
  104  7:53  SCV x2  
  104  7:56  Marine x2  
  108  8:02  Barracks Tech Lab, Marauder, Barracks Reactor  
  110  8:09  Marauder  
  110  8:10  Supply Depot  
  110  8:11  SCV x2  
  114  8:12  Supply Depot  
  114  8:16  Marine  
  114  8:17  Marine  
  116  8:22  Marauder  
  116  8:23  Marauder  
  119  8:30  Marauder  
  119  8:31  SCV x2  
  119  8:32  Orbital Command  
  122  8:34  Marine  
  122  8:35  Marine  
  124  8:43  SCV x2  
  124  8:44  Marauder x2  
  130  8:48  Armory  
  130  8:51  Engineering Bay  
  130  8:53  Marine x3, Marauder  
  130  8:55  SCV x2  
  137  8:57  Supply Depot  
  137  9:01  Medivac  
  137  9:02  Medivac  
  141  9:07  SCV x2  
  143  9:10  SCV  
  143  9:11  Supply Depot  
  143  9:14  Marauder x2  
  143  9:15  Concussive Shells  
  143  9:16  Marine  
  149  9:19  SCV, Marine x2  
  149  9:22  Siege Tank  
  155  9:32  Marine  
  155  9:33  Marauder  
  155  9:35  Marauder x2  
  165  9:39  Marine x2  
  165  9:40  Viking x2  
  167  9:46  Terran Infantry Weapons Level 2  
  167  9:53  Terran Infantry Armor Level 2  
  167  9:54  Marine, Marauder  
  167  9:57  Marauder  
  167  9:59  Marine x3, Marauder  
  175  10:12  Marine  
  176  10:15  Marauder  
  176  10:17  Marine x3  
  176  10:18  Marauder  
  176  10:21  Marauder  
  174  10:30  Marine, Medivac x2  
  174  10:34  Marine  
  174  10:35  Marine  
  181  10:37  Marauder  
  181  10:39  Marauder  
  181  10:42  Marauder  
  157  10:47  Marine  
  157  10:48  Siege Tank, Marine  
  146  10:50  Command Center  
  146  10:51  Refinery x2  
  146  10:52  Marine, Ghost Academy  
  147  10:58  Marauder  
  147  11:01  Marauder  
  147  11:03  Marauder  
  153  11:08  Marine  
  153  11:09  Marine x2  
  156  11:16  Marine  
  156  11:22  Barracks x3  
  163  11:36  Ghost x3  
  152  11:50  Marine x2  
  142  11:58  Marine  
  142  11:59  Marine, Viking x2  
  146  12:05  Marauder x3  
  146  12:08  Marine  
  147  12:12  Marine  
  142  12:15  Barracks Tech Lab, Barracks Reactor  
  142  12:16  Barracks Tech Lab  
  142  12:20  Sensor Tower  
  142  12:22  Marine x2  
  144  12:23  Terran Infantry Weapons Level 3  
  144  12:26  Marauder x2  
  144  12:27  Marauder  
  144  12:29  Terran Infantry Armor Level 3  
  150  12:35  Viking x2  
  154  12:52  Marine  
  154  12:53  Marine, Marauder x2  
  154  12:55  Planetary Fortress  
  160  13:00  Marauder  
  160  13:01  Marine, Marauder x2  
  160  13:05  Starport  
  167  13:06  Starport  
  167  13:07  Viking  
  167  13:08  Command Center  
  168  13:17  Marine, Marauder x2  
  168  13:19  Command Center  
  170  13:21  Marine  
  170  13:22  Marauder  
  170  13:23  Marauder  
  175  13:28  Marine x2  
  175  13:32  Terran Ship Weapons Level 1  
  176  13:36  Marine x2  
  176  13:37  Marine  
  176  13:38  Marauder  
  176  13:39  Medivac x2  
  183  13:45  SCV x3  
  186  13:49  Refinery  
  186  13:50  Refinery  
  186  13:51  Starport Reactor x2  
  186  13:57  SCV x3  
  153  14:10  Marine, Marauder  
  153  14:12  Marauder  
  153  14:15  Marine  
  153  14:16  Marauder  
  152  14:17  Marine, Marauder  
  152  14:19  Marine x2, Marauder  
  155  14:30  Marine x2  
  155  14:31  Liberator x3, Marauder  
  151  14:33  Marine  
  151  14:34  Marauder  
  151  14:35  Marine, Liberator  
  163  14:50  Liberator  
  160  14:54  Liberator  
  160  14:56  Marine x2, Marauder x2  
  142  15:14  Marine x2, Marauder x3  
  142  15:17  Marine x2, Marauder  
  142  15:18  Marauder  
  150  15:25  Marine  
  150  15:27  Marine  
Show
View Real Time Build Order
Export as new Build Order

Creator Protoss 

Build Orders: 1 Gate Expand, Blink Stalkers 

Get SALT Encoding   

  12  0:00  Probe  
  13  0:12  Probe  
  14  0:16  Pylon  
  14  0:24  Probe (Chrono Boost)  
  16  0:35  Gateway  
  16  0:36  Probe (Chrono Boost)  
  16  0:43  Probe (Chrono Boost)  
  16  0:46  Assimilator  
  17  0:51  Probe  
  18  1:03  Probe  
  19  1:15  Probe  
  20  1:25  Cybernetics Core  
  20  1:32  Nexus  
  20  1:38  Pylon  
  20  1:41  Probe  
  21  1:47  Assimilator  
  21  1:53  Probe  
  22  2:00  Adept (Chrono Boost)  
  22  2:03  Warp Gate  
  22  2:05  Probe  
  25  2:18  Probe  
  25  2:22  Adept (Chrono Boost)  
  28  2:30  Probe  
  28  2:31  Twilight Council  
  29  2:43  Stalker (Chrono Boost)  
  30  2:45  Probe (Chrono Boost)  
  30  2:46  Probe (Chrono Boost)  
  33  2:51  Shield Battery  
  33  2:54  Probe (Chrono Boost)  
  33  2:57  Probe (Chrono Boost)  
  34  2:59  Probe (Chrono Boost)  
  35  3:06  Blink (Chrono Boost), Probe  
  35  3:11  Probe  
  37  3:18  Probe  
  38  3:22  Gateway  
  38  3:23  Probe  
  39  3:28  Gateway  
  39  3:31  Probe  
  40  3:35  Probe  
  40  3:37  Pylon  
  41  3:43  Probe  
  41  3:48  Probe  
  43  3:54  Stalker  
  45  3:55  Robotics Facility  
  45  3:58  Probe  
  45  4:00  Probe  
  47  4:09  Nexus  
  47  4:12  Probe x2  
  49  4:18  Stalker x2  
  49  4:22  Pylon  
  53  4:25  Probe  
  53  4:28  Pylon  
  54  4:40  Probe  
  54  4:41  Probe  
  52  4:46  Stalker  
  52  4:47  Stalker x2  
  58  4:57  Warp Prism (Chrono Boost)  
  60  5:05  Probe x2  
  62  5:09  Nexus, Pylon  
  62  5:10  Pylon  
  62  5:12  Pylon  
  62  5:18  Shield Battery  
  62  5:22  Pylon  
  62  5:25  Observer  
  62  5:27  Probe x2  
  65  5:35  Stalker x3  
  61  5:39  Probe  
  61  5:40  Probe  
  61  5:41  Charge  
  67  5:52  Probe x2  
  69  6:00  Stalker x3  
  69  6:01  Shield Battery  
  75  6:05  Probe x2 (Chrono Boost)  
  75  6:09  Shield Battery  
  75  6:17  Probe x2 (Chrono Boost)  
  65  6:27  Gateway  
  65  6:30  Assimilator  
  65  6:31  Gateway  
  65  6:32  Gateway  
  65  6:33  Observer, Immortal (Chrono Boost)  
  65  6:36  Zealot  
  65  6:37  Sentry  
  73  6:40  Probe x3  
  73  6:46  Gateway  
  76  6:49  Gateway  
  76  6:51  Observer  
  76  6:58  Zealot, Sentry  
  76  7:00  Probe x3  
  83  7:03  Zealot  
  83  7:06  Pylon  
  85  7:13  Immortal  
  89  7:18  Probe x3  
  89  7:19  Pylon  
  89  7:22  Zealot x3  
  98  7:27  Zealot x2, Sentry  
  104  7:45  Stalker x2  
  104  7:46  Zealot x3  
  104  7:49  Pylon  
  104  7:50  Pylon x2  
  113  7:53  Zealot x2  
  113  7:54  Zealot  
  113  7:57  Assimilator  
  119  7:59  Pylon  
  119  8:08  Stalker x2  
  119  8:12  Zealot x3  
  129  8:16  Zealot x2  
  129  8:17  Zealot  
  129  8:19  Robotics Bay  
  134  8:22  Forge  
  134  8:27  Shield Battery  
  134  8:32  Stalker  
  134  8:34  Pylon x2  
  130  8:39  Probe x2  
  130  8:43  Stalker x2  
  130  8:46  Protoss Ground Weapons Level 1 (Chrono Boost)  
  134  8:52  Stalker  
  136  9:03  Colossus (Chrono Boost)  
  136  9:04  Zealot x2  
  136  9:05  Nexus  
  136  9:08  Assimilator  
  146  9:10  Robotics Facility  
  146  9:12  Extended Thermal Lance  
  146  9:21  Probe  
  146  9:22  Probe x2  
  149  9:27  Zealot  
  149  9:28  Zealot  
  153  9:42  Pylon  
  153  9:44  Colossus (Chrono Boost)  
  157  9:56  Zealot x8  
  157  9:57  Colossus (Chrono Boost)  
  169  10:06  Shield Battery  
  150  10:22  Zealot x6  
  150  10:23  Stalker, Zealot  
  162  10:31  Immortal (Chrono Boost)  
  136  10:44  Stalker x5  
  136  10:49  Colossus (Chrono Boost)  
  120  10:55  Sentry  
  120  10:56  Sentry  
  130  11:05  Warp Prism (Chrono Boost)  
  132  11:15  Zealot x2, Sentry x2  
  139  11:22  Stalker, Sentry  
  142  11:27  Stalker x2  
  144  11:33  Immortal (Chrono Boost)  
  147  11:40  Zealot  
  147  11:41  Zealot x3  
  149  11:50  Nexus  
  149  11:54  Zealot x3  
  149  11:55  Zealot  
  154  12:02  Zealot  
  154  12:07  Zealot x2  
  152  12:09  Protoss Ground Weapons Level 2 (Chrono Boost)  
  152  12:13  Disruptor  
  152  12:16  Probe x3  
  152  12:18  Pylon  
  152  12:20  Assimilator  
  155  12:31  Assimilator  
  155  12:35  Disruptor (Chrono Boost)  
  159  12:40  Probe x3  
  162  12:51  Disruptor (Chrono Boost)  
  162  13:07  Zealot, Photon Cannon  
  162  13:08  Zealot x5, Shield Battery, Disruptor (Chrono Boost)  
  174  13:19  Disruptor  
  160  13:24  Assimilator  
  160  13:25  Assimilator  
  158  13:37  Disruptor  
  160  13:49  Nexus  
  160  13:52  Gateway  
  160  13:53  Gateway  
  160  13:54  Disruptor  
  164  13:58  Dark Shrine  
  118  14:13  Stalker x2  
  101  14:19  Disruptor  
  101  14:23  Probe x4  
  100  14:29  Stalker x3  
  100  14:30  Disruptor  
  108  14:37  Stalker x2  
  109  14:52  Probe  
  109  14:53  Probe x3  
  109  14:55  Stalker x3  
  99  15:19  Stalker x5  
  97  15:27  Templar Archives  
Tags
 
Add a new tag
Caveats
  • Supply blocks, unpowered buildings, or Contaminate may cause inaccurate times.
  • Supply counts are checked every 10 seconds.